 Dungeon Crawl Stone Soup version 0.24.0-123-gd5b16e6ec5 (webtiles) character file.

Game seed: 14676701189308839184, levelgen mode: deterministic

22970 Peloso the Carver (level 12, -1/107 HPs)
             Began as a Minotaur Fighter on Dec 25, 2019.
             Was the Champion of Okawaru.
             Slain by a wolf spider (11 damage)
             ... on level 3 of the Lair of Beasts.
             The game lasted 00:35:18 (15105 turns).

Peloso the Carver (Minotaur Fighter)               Turns: 15105, Time: 00:35:19

Health: -1/107     AC: 15    Str: 25    XL:     12   Next: 67%
Magic:  11/11      EV: 12    Int:  5    God:    Okawaru [******]
Gold:   865        SH: 27    Dex: 19    Spells: 11/11 levels left

rFire    . . .     SeeInvis +   a - +0 long sword
rCold    + . .     Gourm    +   c - +6 large shield "Kenlot" {SInv Stlth+}
rNeg     . . .     Faith    .   R - +1 scale mail of Qazlal's Benevolence {rPois Dex+5}
rPois    +         Spirit   .   k - +2 hat
rElec    .         Reflect  .   O - +1 cloak "Unotig" {rCorr Dex+3}
rCorr    +         Harm     .   (no gloves)
MR       .....                  I - +0 pair of boots
Stlth    ++........             e - amulet of the gourmand
HPRegen  0.27/turn              (no ring)
MPRegen  0.12/turn              u - ring of protection from cold

@: lethally poisoned (-1 -> -13), slowed, very slow
A: retaliatory headbutt, horns 2
a: Heroism, Finesse, Renounce Religion


You were on level 3 of the Lair of Beasts.
You worshipped Okawaru.
Okawaru was exalted by your worship.
You were full.

You visited 3 branches of the dungeon, and saw 15 of its levels.

You collected 865 gold pieces.

Inventory:

Hand Weapons
 a - a +0 long sword (weapon)
 d - a +3 dagger of flaming
Armour
 c - the +6 large shield "Kenlot" (worn) {SInv Stlth+}
   (Okawaru gifted it to you on level 2 of the Lair of Beasts)

   It lets you see invisible.
   It makes you more stealthy.
 k - a +2 hat (worn)
 t - a +0 cloak
 I - a +0 pair of boots (worn)
 O - the +1 cloak "Unotig" (worn) {rCorr Dex+3}
   (You found it on level 10 of the Dungeon)

   It affects your dexterity (+3).
   It provides partial protection from all sources of acid and corrosion.
 R - the +1 scale mail of Qazlal's Benevolence (worn) {rPois Dex+5}
   (You found it on level 11 of the Dungeon)

   It affects your dexterity (+5).
   It protects you from poison.
Jewellery
 e - an amulet of the gourmand (around neck)
 u - a ring of protection from cold (right hand)
 y - an uncursed ring of protection from magic
Wands
 m - a wand of paralysis (2)
 z - a wand of flame (21)
Scrolls
 b - a scroll of silence {unknown}
 h - a scroll of fear
 i - 9 scrolls of teleportation
 o - 3 scrolls of noise
 q - 4 scrolls of remove curse
 w - 2 scrolls of amnesia
 C - a scroll of fog {unknown}
 D - 3 scrolls of magic mapping {unknown}
 E - a scroll of random uselessness {unknown}
 L - a scroll of brand weapon {unknown}
 N - 2 scrolls of immolation {unknown}
 P - a scroll of vulnerability {unknown}
Potions
 g - 2 potions of agility
 j - 4 potions of haste
 l - 2 potions of flight
 s - a potion of resistance {unknown}
 H - 2 potions of invisibility {unknown}
 J - 3 potions of curing
 M - 4 potions of might
 Q - a potion of berserk rage {unknown}
Comestibles
 f - 26 rations


   Skills:
 + Level 10.4 Fighting
 + Level 1.1(8.7) Short Blades
 + Level 14.1 Long Blades
 + Level 10.5 Armour
 + Level 5.8 Dodging
 + Level 2.3 Stealth
 + Level 14.0 Shields
 + Level 1.0 Invocations
 + Level 0.4 Evocations


You had 11 spell levels left.
You didn't know any spells.
Your spell library contained the following spells:

 Spells                   Type           Power        Failure   Level  Hunger
 Magic Dart               Conj           #...         99%         1    ##.....
 Sandblast                Erth           #.....       99%         1    ##.....
 Blink                    Tloc           N/A          100%        2    ###....
 Call Imp                 Summ           #.......     100%        2    ###....
 Passwall                 Tmut/Erth      #.......     100%        2    ###....
 Slow                     Hex            #.......     100%        2    ###....
 Conjure Flame            Conj/Fire      #.......     100%        3    ####...
 Mephitic Cloud           Conj/Pois/Air  #.......     100%        3    ####...
 Stone Arrow              Conj/Erth      #.....       100%        3    ####...
 Petrify                  Tmut/Erth      #.......     100%        4    #####..
 Lee's Rapid Deconstruct  Erth           #.........   100%        5    ######.


Dungeon Overview and Level Annotations

Branches:
Dungeon (11/15)            Temple (1/1) D:4            Lair (3/6) D:10
 Shoals (0/4) Lair:3       Spider (0/4) Lair:3          Orc (0/2) D:10

Altars:
Ashenzari
Elyvilon
Fedhas
Gozag
Kikubaaqudgha
Makhleb
Okawaru
Qazlal
Ru
Sif Muna
Trog
Uskayaw
Vehumet
Xom
Zin

Shops:
D:9 :   D:10 (

Annotations:
D:3 2 runed translucent doors, happy's ghost, amateur DrWn
D:9 1 runed translucent door
Lair:3 Gastronok


Innate Abilities, Weirdness & Mutations

You reflexively headbutt those who attack you in melee.
You have a pair of horns on your head.


Message History

The wolf spider completely misses you.
The jumping spider pounces on something.
You hit the wolf spider.
You headbutt the wolf spider, but do no damage.
The wolf spider is moderately wounded.
You feel very sick. You block the wolf spider's attack.
The wolf spider bites you. The wolf spider hits you. The wolf spider bites you!
* * * LOW HITPOINT WARNING * * *
The wolf spider hits you!
* * * LOW HITPOINT WARNING * * *
The wolf spider bites you.
* * * LOW HITPOINT WARNING * * *
The jumping spider leaps!
You block the wolf spider's attack. x2
You slash the wolf spider! You headbutt the wolf spider!
The wolf spider is severely wounded.
* * * LOW HITPOINT WARNING * * *
You feel sick. You block the wolf spider's attack. x3
The wolf spider bites you!
You die...

..^...P###...##.##
......## #####..#
P...#. #..##
##.### #...# ...#
##.P# .#. #.## ##
# ###.# #..s##
##.#@# #ss##
##r### #.r#.#
#.r..# #P...#
##...# ###...##
#....$^#


You could see 2 wolf spiders, a redback, a river rat and a quokka.

Vanquished Creatures
  Josephine (D:10)
  3 hydras
  2 two-headed ogres (D:10)
  Nergalle (Lair:3)
  An unseen horror (D:11)
  Pikel (D:5)
  A manticore (Lair:3)
  2 guardian serpents (D:10)
  5 spiny frogs
  2 rime drakes
  3 komodo dragons
  3 trolls
  A polar bear (Lair:2)
  Prince Ribbit (D:7)
  3 blink frogs (Lair:1)
  5 hippogriffs
  A shadow (D:9)
  A wyvern (D:10)
  8 wraiths
  2 yaks (Lair:1)
  12 fire bats
  A basilisk (Lair:1)
  A steam dragon (D:8)
  Menkaure (D:4)
  6 water moccasins
  3 orc warriors
  9 porcupines
  4 phantoms
  An ice beast (D:8)
  4 sky beasts
  2 black bears (D:9)
  A necrophage (D:9)
  3 wolves (Lair:1)
  6 centaurs
  3 ogres
  6 crocodiles
  9 bullfrogs
  4 scorpions
  3 killer bees (D:11)
  A howler monkey (D:7)
  7 crimson imps
  A bullfrog zombie (D:10)
  A centaur zombie (D:5)
  A quasit (D:10)
  A centaur skeleton (D:4)
  2 jellies (D:6)
  15 orc wizards
  2 bullfrog skeletons
  7 orc priests
  Crazy Yiuf (D:4)
  5 hounds
  6 iguanas
  7 worker ants
  A killer bee zombie (D:7)
  A hound zombie (D:6)
  2 hound skeletons
  11 gnolls
  18 adders
  4 shadow imps
  An adder skeleton (D:5)
  3 worms
  3 dart slugs
  8 leopard geckos
  26 orcs
  4 giant cockroaches
  3 goblins (D:1)
  5 hobgoblins
  3 jackals (D:2)
  8 kobolds
  5 quokkas
  2 ball pythons (D:2)
  99 bats
  9 frilled lizards
  A jackal skeleton (D:5)
  2 leopard gecko skeletons (D:4)
  9 rats
411 creatures vanquished.

Vanquished Creatures (others)
  A killer bee zombie (D:8)
  A fungus (Lair:3)
2 creatures vanquished.

Grand Total: 413 creatures vanquished

Notes
Turn   | Place    | Note
-------+----------+-------------------------------------------
     0 | D:1      | Peloso the Minotaur Fighter began the quest for the Orb.
     0 | D:1      | Reached XP level 1. HP: 19/19 MP: 0/0
    94 | D:1      | Reached XP level 2. HP: 22/27 MP: 1/1
   244 | D:1      | You fall into a shaft and drop 1 floor!
   263 | D:2      | Reached XP level 3. HP: 27/33 MP: 2/2
   504 | D:2      | Reached XP level 4. HP: 22/41 MP: 3/3
   928 | D:2      | Found a bloodstained altar of Trog.
  1812 | D:3      | Found a runed translucent door.
  1818 | D:3      | Noticed happy's ghost (amateur DrWn)
  1840 | D:3      | Found a runed translucent door.
  2147 | D:3      | Reached XP level 5. HP: 47/47 MP: 4/4
  2377 | D:4      | Noticed a sky beast
  2385 | D:4      | Killed a sky beast
  2385 | D:4      | Reached skill level 5 in Armour
  2385 | D:4      | Reached skill level 5 in Shields
  2483 | D:4      | Reached skill level 1 in Dodging
  2483 | D:4      | Reached XP level 6. HP: 49/55 MP: 5/5
  2576 | D:4      | Noticed Menkaure
  2583 | D:4      | Killed Menkaure
  2583 | D:4      | Reached skill level 5 in Fighting
  2928 | D:4      | Reached skill level 5 in Long Blades
  3130 | D:4      | Found a staircase to the Ecumenical Temple.
  3137 | Temple   | Entered the Ecumenical Temple
  3159 | Temple   | Became a worshipper of Warmaster Okawaru
  3274 | D:4      | Found a runed translucent door.
  3275 | D:4      | Noticed Crazy Yiuf
  3281 | D:4      | Killed Crazy Yiuf
  3337 | D:5      | Entered Level 5 of the Dungeon
  3338 | D:5      | Reached XP level 7. HP: 61/61 MP: 6/6
  3535 | D:5      | Reached * piety under Okawaru
  3610 | D:5      | Noticed Pikel
  3645 | D:5      | Killed Pikel
  3645 | D:5      | Reached ** piety under Okawaru
  3645 | D:5      | Reached XP level 8. HP: 63/69 MP: 7/7
  3698 | D:5      | Found an opulent altar of Gozag.
  3698 | D:5      | Found a blossoming altar of Fedhas.
  3709 | D:5      | Reached skill level 1 in Stealth
  3710 | D:5      | Found an ancient bone altar of Kikubaaqudgha.
  3791 | D:5      | Found a white marble altar of Elyvilon.
  4731 | D:6      | Reached XP level 9. HP: 61/75 MP: 8/8
  5359 | D:7      | Reached *** piety under Okawaru
  5481 | D:7      | Reached skill level 10 in Long Blades
  5499 | D:7      | Noticed Prince Ribbit
  5509 | D:7      | Killed Prince Ribbit
  6050 | D:8      | Found a radiant altar of Vehumet.
  6050 | D:8      | Found a burning altar of Makhleb.
  6716 | D:9      | Found Lecweizi's Book Shop.
  6795 | D:9      | Reached **** piety under Okawaru
  6878 | D:9      | Reached XP level 10. HP: 79/86 MP: 9/9
  7493 | D:9      | Found a runed translucent door.
  7497 | D:9      | Found a bloodstained altar of Trog.
  7520 | D:9      | Found a bloodstained altar of Trog.
  7556 | D:9      | Found a glowing silver altar of Zin.
  7623 | D:9      | Found an opulent altar of Gozag.
  7677 | D:9      | Noticed a flayed ghost
  7687 | D:9      | Found a white marble altar of Elyvilon.
  7720 | D:9      | Found a hide-covered altar of Uskayaw.
  8301 | D:9      | Reached ***** piety under Okawaru
  8301 | D:9      | Reached skill level 10 in Shields
  8614 | D:10     | Entered Level 10 of the Dungeon
  8671 | D:10     | Found the +7 lajatang of Order {silver, rMut}
  8671 | D:10     | Found Nafreist's Weapon Shop.
  8682 | D:10     | Noticed a two-headed ogre
  8699 | D:10     | Killed a two-headed ogre
  8699 | D:10     | Reached XP level 11. HP: 41/95 MP: 7/10
  8980 | D:10     | Noticed Josephine
  8991 | D:10     | Killed Josephine
  8991 | D:10     | Received a gift from Okawaru
 10001 | D:10     | Found a staircase to the Lair.
 10079 | D:10     | Found a staircase to the Orcish Mines.
 10520 | D:10     | Got a scorched cloak
 10531 | D:10     | Identified the +1 cloak "Unotig" {rCorr Dex+3} (You found
                  | it on level 10 of the Dungeon)
 10600 | D:10     | Noticed a two-headed ogre
 10608 | D:10     | Killed a two-headed ogre
 10955 | D:11     | Found a burning altar of Makhleb.
 11175 | D:11     | Got a faintly humming scale mail
 11186 | D:11     | Identified the cursed +1 scale mail of Qazlal's Benevolence
                  | {rPois Dex+5} (You found it on level 11 of the Dungeon)
 11355 | D:11     | Received a gift from Okawaru
 11508 | D:11     | HP: 2/97 [something (9)]
 11510 | D:11     | Killed an unseen horror
 12065 | Lair:1   | Entered Level 1 of the Lair of Beasts
 12840 | Lair:1   | Reached skill level 5 in Dodging
 12910 | Lair:1   | Reached XP level 12. HP: 12/106 MP: 11/11
 12915 | Lair:1   | HP: 1/106 [hippogriff (7)]
 12919 | Lair:1   | Reached skill level 10 in Armour
 13374 | Lair:1   | Noticed a five-headed hydra
 13386 | Lair:1   | Killed a five-headed hydra
 13495 | Lair:1   | Reached skill level 1 in Invocations
 13691 | Lair:2   | Reached ****** piety under Okawaru
 13693 | Lair:2   | Received a gift from Okawaru
 13702 | Lair:2   | Got a spiked large shield {god gift}
 13708 | Lair:2   | Identified the +6 large shield "Kenlot" {SInv Stlth+}
                  | (Okawaru gifted it to you on level 2 of the Lair of Beasts)
 13867 | Lair:2   | Noticed an eight-headed hydra
 13871 | Lair:2   | Reached skill level 10 in Fighting
 13891 | Lair:2   | Killed an eight-headed hydra
 14771 | Lair:3   | Reached skill level 1 in Short Blades
 14777 | Lair:3   | Found a staircase to the Shoals.
 14801 | Lair:3   | Noticed Nergalle
 14820 | Lair:3   | Killed Nergalle
 14903 | Lair:3   | Noticed a five-headed hydra
 14926 | Lair:3   | Killed a five-headed hydra
 14933 | Lair:3   | Noticed Gastronok
 15089 | Lair:3   | Found a hole to the Spider Nest.
 15105 | Lair:3   | Slain by a wolf spider

Levels and vault maps discovered:
D:1:      lightli_arrival_statue_moat, layout_basic,
          hangedman_decor_clover_reticule, minmay_close_crescents
D:2:      layout_basic, bloody_trog
D:3:      layout_loops_cross, first_ration, ebering_ghost_sewer_f
D:4:      layout_loops_ring, minmay_temple_entry_fiery,
          hangedman_abyss_or_decor_stabs, uniq_crazy_yiuf_cottage, uniq_menkaure
D:5:      layout_loops_cross, nicolae_overflow_quartered_altars, uniq_pikel
D:6:      layout_loops_ring
D:7:      layout_basic, uniq_prince_ribbit1
D:8:      layout_loops_cross, grunt_temple_overflow_lords_of_destruction
D:9:      due_megacathedral, layout_basic, serial_shops, shop_statue
D:10:     nrook_guardian_serpent_snake_passage, layout_loops_ring,
          lair_entry_dummy, serial_shops,
          nicolae_shop_competitors_out_of_business, uniq_josephine
D:11:     layout_basic, basic_altar
Temple:   regret_index_temple_waves
Lair:1:   layout_gridlike, beast_lair_carwin_6
Lair:2:   layout_regular_city
Lair:3:   layout_loops_ring, minmay_shoals_entry_beasts,
          spider_nest_entry_funnel_web, serial_bayou_pond_a, ldierk_geyser,
          uniq_nergalle, uniq_gastronok

Skill      XL: |  1  2  3  4  5  6  7  8  9 10 11 12 |
---------------+-------------------------------------+-----
Armour         | 4 5 6 8 9 10 | 10.5
Shields        | 4 5 7 8 11 12 14 | 14.0
Fighting       | 4 5 6 7 8 9 10 | 10.4
Long Blades    | 3 4 5 7 9 11 12 13 14 | 14.1
Dodging        | 1 2 3 5 |  5.8
Stealth        | 1 2 |  2.3
Invocations    | 1 |  1.0
Short Blades   | 1 |  1.1
Evocations     | |  0.4

Action                   |  1- 3 |  4- 6 |  7- 9 | 10-12 || total
-------------------------+-------+-------+-------+-------++-------
Melee: Long sword        |    59 |   160 |   379 |   881 ||  1479
       Headbutt          |     9 |    19 |    85 |   266 ||   379
       Dagger            |       |       |       |    30 ||    30
Invok: Heroism           |       |       |       |    12 ||    12
Evoke: Wand              |       |       |     5 |       ||     5
  Use: Potion            |       |     3 |     3 |     4 ||    10
       Scroll            |       |       |     9 |     3 ||    12
 Stab: Sleeping          |       |       |       |     2 ||     2
  Eat: Chunk             |       |    15 |    14 |    25 ||    54
Armor: Scale mail        |    37 |    67 |    78 |   143 ||   325
       Plate armour      |       |       |    17 |   290 ||   307
Dodge: Dodged            |    18 |    68 |   137 |   302 ||   525
Block: Shield            |    38 |    91 |   192 |   647 ||   968
       Large shield      |       |       |       |   222 ||   222
       Rpst.: Long sword |     3 |    17 |    34 |    74 ||   128
